 Dungeon Crawl Stone Soup version 0.27.1-33-g824d729ab1 (webtiles) character file.

Game seed: 6390391892462770284

48 CapHo the Skirmisher (level 3, -5/37 HPs)
             Began as a Troll Monk on Dec 27, 2021.
             Slain by an ogre (19 damage)
             ... on level 2 of the Dungeon.
             The game lasted 00:01:27 (976 turns).

CapHo the Skirmisher (Troll Monk)                    Turns: 976, Time: 00:01:28

Health: -5/37      AC:  4    Str: 20    XL:     3   Next: 50%
Magic:  0/2        EV: 10    Int:  6    God:
Gold:   18         SH:  0    Dex: 12    Spells: 2/2 levels left

rFire    . . .     SeeInvis .     - Unarmed
rCold    . . .     Faith    .   (no shield)
rNeg     . . .     Spirit   +   a - +0 robe
rPois    .         Reflect  .   (helmet restricted)
rElec    .         Harm     .   (no cloak)
rCorr    .         Rampage  .   (gloves unavailable)
Will     .....                  (boots unavailable)
Stlth    ++........             i - amulet of guardian spirit
HPRegen  1.12/turn              (no ring)
MPRegen  0.08/turn              (no ring)

@: no status effects
A: large, unfitting armour, claws 3, regeneration 1, shaggy fur 1, tough skin 1
a: no special abilities


You were on level 2 of the Dungeon.
You visited 1 branch of the dungeon, and saw 2 of its levels.

You collected 18 gold pieces.

Inventory:

Armour
 a - a +0 robe (worn)
Jewellery
 c - an amulet of faith
 i - an amulet of guardian spirit (around neck)
Scrolls
 b - 3 scrolls of teleportation {unknown}
 d - a scroll of enchant armour {unknown}
 e - 2 scrolls of fear {unknown}
 f - 2 scrolls of identify {unknown}
 j - a scroll of silence {unknown}
Potions
 g - a potion of curing {unknown}
 h - a potion of heal wounds {unknown}
 k - a potion of haste {unknown}


   Skills:
 * Level 3.4 Fighting
 - Level 2.4 Dodging
 + Level 1.5 Stealth
 - Level 3.0 Unarmed Combat


You had 2 spell levels left.
You didn't know any spells.
Your spell library was empty.

Dungeon Overview and Level Annotations

Branches:
Dungeon (2/15)

Altars:


Innate Abilities, Weirdness & Mutations

You are too large for most types of armour.
You have claws for hands.
Your natural rate of healing is unusually fast.
You are covered in fur. (AC +1)
You have tough skin. (AC +1)


Message History

You claw the ogre!
The ogre is moderately wounded.
The ogre hits you with a +0 giant club!
You scratch the ogre.
The ogre is heavily wounded.
The ogre hits you with a +0 giant club!
* * * LOW HITPOINT WARNING * * *
You are too injured to fight recklessly!
You are too injured to fight recklessly!
You are too injured to fight recklessly!
You are too injured to fight recklessly!
You are too injured to fight recklessly!
You are too injured to fight recklessly!
You are too injured to fight recklessly!
You are too injured to fight recklessly!
You are too injured to fight recklessly!
You are too injured to fight recklessly!
You are too injured to fight recklessly!
You are too injured to fight recklessly!
You are too injured to fight recklessly!
You are too injured to fight recklessly!
You are too injured to fight recklessly!
You are too injured to fight recklessly!
You are too injured to fight recklessly!
You are too injured to fight recklessly!
You are too injured to fight recklessly!
You are too injured to fight recklessly!
You barely miss the ogre.
The ogre is heavily wounded.
You barely miss the ogre.
The ogre is heavily wounded.
The ogre barely misses you.
You scratch the ogre.
The ogre is heavily wounded.
The ogre barely misses you.
You claw the ogre!
The ogre is almost dead.
The ogre hits you with a +0 giant club!!
Ouch! That really hurt!
You die...

#####
......##
... ... ..#
#O# #.# #@#
#.# #.# #.#
#.# '#
#.###.###.#
.#
#.........#
.#
#####.#####
.#######
#.#
.......#
#.#
...###.#
#.#


You could see an ogre.

Vanquished Creatures
  An adder (D:2)
  A worm (D:2)
  3 ball pythons
  6 bats
  3 endoplasms (D:1)
  5 giant cockroaches
  2 hobgoblins
  A quokka (D:2)
  4 goblins
  3 kobolds
  2 rats
31 creatures vanquished.

Notes
Turn   | Place    | Note
-------+----------+-------------------------------------------
     0 | D:1      | CapHo the Troll Monk began the quest for the Orb.
     0 | D:1      | Reached XP level 1. HP: 22/22 MP: 0/0
   236 | D:1      | Reached XP level 2. HP: 29/29 MP: 1/1
   716 | D:2      | Reached XP level 3. HP: 37/37 MP: 2/2
   966 | D:2      | Noticed an ogre
   976 | D:2      | Slain by an ogre

Illustrated notes

Levels and vault maps discovered:
D:1:      matt_arrival_refuge, layout_loops_cross, minmay_tromino_v2
D:2:      layout_loops_corners, minmay_divided_ellipse

Skill      XL: |  1  2 |
---------------+-------+-----
Fighting       | 3 |  3.4
Dodging        | |  2.4
Stealth        | |  1.5
Unarmed Combat | |  3.0

Action                   || total
-------------------------++-------
Melee: Unarmed           ||    83
       Punch             ||     4
 Stab: Sleeping          ||     7
Armor: Robe              ||    27
Dodge: Dodged            ||    50
